 Dungeon Crawl Stone Soup version 0.23-b1-3-gdda8187c6f (webtiles) character file.

Game seed: 9692418049891683643

12453 Kisielow the Carver (level 11, -8/95 HPs)
             Began as a Minotaur Fighter on Feb 1, 2019.
             Was an Elder of Makhleb.
             Mangled by a sun demon (14 damage)
             ... in a volcano.
             The game lasted 00:29:11 (10532 turns).

Kisielow the Carver (Minotaur Fighter)             Turns: 10532, Time: 00:29:11

Health: -8/95      AC: 10    Str: 25    XL:     11   Next: 62%
Magic:  25/25      EV:  9    Int:  3    God:    Makhleb [****..]
Gold:   677        SH: 12    Dex: 16    Spells: 10/10 levels left

rFire    . . .     SeeInvis +   z - +1 long sword of the Dead {flame, +Blink MP+9 Int-2}
rCold    . . .     Gourm    .   c - +0 shield
rNeg     . . .     Faith    .   E - +0 ring mail of Sloth {Dex+4 SInv}
rPois    .         Spirit   .   (helmet restricted)
rElec    .         Reflect  .   q - +0 cloak
rCorr    .         Harm     .   l - +1 pair of gloves {Dex+3}
MR       .....                  (no boots)
Stlth    +.........             (no amulet)
HPRegen  0.25/turn              (no ring)
MPRegen  0.19/turn              (no ring)

@: no status effects
A: retaliatory headbutt, horns 2
a: Minor Destruction, Lesser Servant of Makhleb, Major Destruction, Renounce
Religion, Evoke Blink


You were in a volcano.
You worshipped Makhleb.
Makhleb was greatly pleased with you.
You were not hungry.

You visited 3 branches of the dungeon, and saw 12 of its levels.
You also visited: Ossuary and Volcano.

You collected 677 gold pieces.

Inventory:

Hand Weapons
 z - the +1 long sword of the Dead (weapon) {flame, +Blink MP+9 Int-2}
   (You found it on level 6 of the Dungeon)

   It has been specially enchanted to burn those struck by it, causing extra
   injury to most foes and up to half again as much damage against particularly
   susceptible opponents.
   Big, fiery blades are also staple armaments of hydra-hunters.
   It affects your intelligence (-2).
   It affects your magic capacity (+9).
   It lets you blink.
 B - the +6 mace of Chaos {venom, +Rage +Inv rC+++ Int-4}
   (You found it on level 5 of the Dungeon)

   It poisons the flesh of those it strikes.
   It affects your intelligence (-4).
   It renders you almost immune to cold.
   It lets you turn invisible.
   It lets you go berserk.
 G - the cursed +2 flail of Precise Incision {speed, MP+9 Str+4}
   (You found it on level 8 of the Dungeon)

   Attacks with this weapon are significantly faster.
   It affects your strength (+4).
   It affects your magic capacity (+9).
   It has a curse placed upon it.
Armour
 c - a +0 shield (worn)
 l - a +1 pair of gloves of dexterity (worn)
 q - a +0 cloak (worn)
 w - a +0 plate armour
 E - the +0 ring mail of Sloth (worn) {Dex+4 SInv}
   (You found it on level 6 of the Dungeon)

   It affects your dexterity (+4).
   It lets you see invisible.
Wands
 h - a wand of flame (2)
 t - a wand of disintegration (7)
 u - a wand of random effects (40)
 y - a wand of iceblast (12)
 H - a wand of polymorph (8)
Scrolls
 a - a scroll of fear
 e - 4 scrolls of enchant weapon
 j - 6 scrolls of teleportation
 m - 4 scrolls of remove curse
 p - a scroll of identify
 v - a scroll of fog
 x - a scroll of blinking
 A - 4 scrolls of enchant armour
Potions
 b - 4 potions of curing
 d - a potion of brilliance
 g - a potion of haste
 i - a potion of degeneration
 k - 2 potions of agility
 n - 6 potions of flight
 o - 2 potions of magic
 r - 3 potions of lignification
 s - 3 potions of might
 C - a potion of berserk rage
 D - a potion of invisibility
Comestibles
 f - 19 rations


   Skills:
 + Level 8.4 Fighting
 * Level 11.6 Long Blades
 + Level 8.4 Armour
 + Level 8.4 Shields
 - Level 8.0 Invocations
 - Level 8.0 Evocations


You had 10 spell levels left.
You didn't know any spells.
Your spell library contained the following spells:

 Spells                   Type           Power        Failure   Level  Hunger
 Animate Skeleton         Necr           N/A          90%         1    ##.....
 Pain                     Necr           #...         90%         1    ##.....
 Regeneration             Chrm/Necr      #.........   99%         3    ####...
 Vampiric Draining        Necr           #.........   99%         3    ####...
 Animate Dead             Necr           N/A          100%        4    #####..


Dungeon Overview and Level Annotations

Branches:
Dungeon (10/15)            Temple (1/1) D:4            Lair (1/6) D:10
    Orc (0/2) D:9

Altars:
Ashenzari
Cheibriados
Dithmenos
Elyvilon
Fedhas
Gozag
Hepliaklqana
Kikubaaqudgha
Makhleb
Nemelex Xobeh
Okawaru
Qazlal
Ru
Sif Muna
Trog
Uskayaw
Vehumet
Wu Jian
Xom
Yredelemnul
Zin
The Shining One

Shops:
D:5 *   D:8 [   D:9 %


Innate Abilities, Weirdness & Mutations

You reflexively headbutt those who attack you in melee.
You have a pair of horns on your head.


Message History

A lava snake comes into view.
A hell knight comes into view.
It is wielding a +1 flail of flaming and wearing a +1 chain mail of fire resistance.
The lava snake moves out of view.
Found a bloodstained altar of Trog.
The lava snake hisses angrily.
The hell knight points at you and mumbles some strange words.
The bolt of fire hits you!! The lava snake spits lava at you.
The glob of lava hits you! The sun demon hits you!
* * * LOW HITPOINT WARNING * * *
You are engulfed in flames!
* * * LOW HITPOINT WARNING * * *
You miss the lava snake.
The lava snake bites you but does no damage.
The sun demon hits you but does no damage.
You hit the lava snake. Your headbutt misses the lava snake.
The lava snake is moderately wounded.
Your hellwing misses the lava snake. Your hellwing hits the lava snake.
The sun demon hits you!
You die...

#.#)###.## ####.
#§)#.##.# ##....
#8###.#.## ###.....
### #∩##.####8.....≈
#..##.###.......§..≈
#_.#8)8######8...§≈≈
#.p##.#### ##...§≈≈
#S.4.≈.≈.# #...§≈≈
#.S@3.≈.≈# ....S≈≈≈
#≈.≈.≈.≈.# ...≈≈≈≈≈
#[≈.≈.≈.≈# ..§≈≈≈≈≈
#§!≈.§.≈[# ..≈≈§≈≈≈
#)≈)≈.§!§# ....≈≈ ≈≈
##########


You could see a hell knight, a sun demon, 2 lava snakes and a friendly hellwing.

Vanquished Creatures
  Erolcha (D:9)
  Harold (D:7)
  A two-headed ogre (D:7)
  A black mamba (Lair:1)
  A gargoyle (D:10)
  A centaur skeleton (D:10)
  2 red devils (Volcano)
  A troll (D:10)
  Grinder (D:3)
  2 dream sheep (D:8)
  2 hippogriffs (D:7)
  Sigmund (D:6)
  2 yaks (D:8)
  A wyvern (D:9)
  6 fire bats (Volcano)
  A hungry ghost (D:10)
  A steam dragon (D:9)
  2 wargs (D:10)
  Duvessa (D:6)
  3 water moccasins
  2 black bears (D:10)
  3 orc warriors
  5 ice beasts
  3 sky beasts
  5 ogres
  A phantom (D:5)
  3 centaurs
  4 big kobolds
  3 bullfrogs
  An elf zombie (Ossuary)
  Dowan (D:6)
  A wyvern skeleton (D:9)
  4 scorpions
  A crimson imp (D:9)
  A bullfrog zombie (D:6)
  3 centaur zombies
  A lava snake (Volcano)
  A quasit (D:10)
  3 jellies
  5 orc priests
  A bullfrog skeleton (D:7)
  3 hounds
  3 iguanas
  Ijyb (D:5)
  8 orc wizards
  8 worker ants
  3 ogre zombies (Ossuary)
  A hound skeleton (D:7)
  7 mummies (Ossuary)
  A worker ant zombie (D:7)
  4 gnolls (D:2)
  4 river rats (D:5)
  11 adders
  3 shadow imps
  An ooze (D:6)
  6 adder zombies (Ossuary)
  2 worms
  5 leopard geckos
  28 orcs
  6 bats
  4 giant cockroaches
  6 goblins
  8 hobgoblins
  3 jackals (D:8)
  6 quokkas
  3 ball pythons
  A ball python skeleton (D:4)
  6 frilled lizards
  5 goblin zombies (Ossuary)
  5 hobgoblin zombies (Ossuary)
  12 kobolds
  4 kobold zombies (Ossuary)
  A leopard gecko skeleton (D:4)
  A leopard gecko zombie (D:5)
  4 quokka zombies
  8 rats
  A rat zombie (Ossuary)
267 creatures vanquished.

Vanquished Creatures (collateral kills)
  2 hydras
  A red devil (Volcano)
  A fire bat (Volcano)
  An orc warrior (D:10)
  A big kobold (D:8)
  6 lava snakes (Volcano)
  A crimson imp (D:10)
  2 orc priests
  2 orc wizards
  A hound skeleton (D:5)
  3 orcs
  3 kobolds (D:9)
  A quokka skeleton (D:9)
25 creatures vanquished.

Grand Total: 292 creatures vanquished

Notes
Turn   | Place    | Note
-------+----------+-------------------------------------------
     0 | D:1      | Kisielow the Minotaur Fighter began the quest for the Orb.
     0 | D:1      | Reached XP level 1. HP: 19/19 MP: 0/0
   145 | D:1      | Reached skill level 3 in Long Blades
   182 | D:1      | Reached XP level 2. HP: 24/26 MP: 1/1
   535 | D:2      | Reached skill level 4 in Long Blades
   538 | D:2      | Reached XP level 3. HP: 29/31 MP: 2/2
   641 | D:2      | Found an opulent altar of Gozag.
   681 | D:2      | Reached skill level 5 in Long Blades
   708 | D:2      | Reached XP level 4. HP: 29/40 MP: 3/3
  1063 | D:2      | Found a faded altar of an unknown god.
  1406 | D:3      | Noticed Grinder
  1413 | D:3      | Paralysed by Grinder for 6 turns
  1423 | D:3      | Killed Grinder
  1423 | D:3      | Reached skill level 6 in Long Blades
  1423 | D:3      | Reached XP level 5. HP: 13/47 MP: 4/4
  1423 | D:3      | Reached XP level 6. HP: 14/53 MP: 5/5
  2034 | D:4      | Found a staircase to the Ecumenical Temple.
  2055 | Temple   | Entered the Ecumenical Temple
  2203 | Temple   | Became a worshipper of Makhleb the Destroyer
  2246 | D:4      | Found a transporter.
  2290 | D:4      | Found a transporter.
  2547 | D:4      | Reached skill level 5 in Fighting
  2547 | D:4      | Reached skill level 7 in Long Blades
  2547 | D:4      | Reached skill level 5 in Armour
  2547 | D:4      | Reached skill level 5 in Shields
  2547 | D:4      | Reached XP level 7. HP: 33/61 MP: 6/6
  3011 | D:4      | Found an ornate altar of the Wu Jian Council.
  3013 | D:4      | Found an iron altar of Okawaru.
  3041 | D:4      | Found a radiant altar of Vehumet.
  3043 | D:4      | Found a shimmering altar of Xom.
  3149 | D:5      | Entered Level 5 of the Dungeon
  3264 | D:5      | Found a sand-covered staircase.
  3278 | Ossuary  | Entered an ossuary
  3362 | Ossuary  | Reached * piety under Makhleb
  3415 | Ossuary  | Reached skill level 8 in Long Blades
  3911 | D:5      | Found Siweyt's Assorted Antiques.
  4020 | D:5      | Noticed Ijyb
  4028 | D:5      | Killed Ijyb
  4028 | D:5      | Reached XP level 8. HP: 70/70 MP: 7/7
  4058 | D:5      | Found a glowing golden altar of the Shining One.
  4087 | D:5      | Reached ** piety under Makhleb
  4135 | D:5      | You fall through a shaft for 2 floors!
  4378 | D:5      | Got a bloodstained mace
  4615 | D:6      | Got a transparent long sword
  4616 | D:6      | Identified the cursed +1 long sword of the Dead {flame,
                  | +Blink MP+9 Int-2} (You found it on level 6 of the Dungeon)
  4627 | D:6      | Reached skill level 9 in Long Blades
  4680 | D:6      | Identified the +6 mace of Chaos {venom, +Rage +Inv rC+++
                  | Int-4} (You found it on level 5 of the Dungeon)
  5229 | D:6      | Noticed Sigmund
  5235 | D:6      | Killed Sigmund
  5345 | D:6      | Noticed Duvessa
  5345 | D:6      | Noticed Dowan
  5354 | D:6      | Killed Duvessa
  5354 | D:6      | Reached XP level 9. HP: 78/78 MP: 8/8
  5362 | D:6      | Killed Dowan
  5377 | D:6      | Got a dazzling ring mail
  5388 | D:6      | Identified the cursed +0 ring mail of Sloth {Dex+4 SInv}
                  | (You found it on level 6 of the Dungeon)
  5583 | D:7      | Reached skill level 10 in Long Blades
  5736 | D:7      | Reached *** piety under Makhleb
  5844 | D:7      | Noticed Harold
  5862 | D:7      | Killed Harold
  6141 | D:7      | Noticed a two-headed ogre
  6168 | D:7      | Killed a two-headed ogre
  6168 | D:7      | Reached skill level 11 in Long Blades
  6337 | D:7      | Reached XP level 10. HP: 89/89 MP: 9/9
  6372 | D:7      | Reached skill level 1 in Invocations
  6372 | D:7      | Reached skill level 1 in Evocations
  6808 | D:8      | Got a crystal flail
  6885 | D:8      | Found Inuriroan's Antique Armour Boutique.
  7044 | D:8      | Noticed a two-headed hydra
  7058 | D:8      | Killed a two-headed hydra
  7294 | D:9      | Found a blossoming altar of Fedhas.
  7429 | D:9      | Reached skill level 5 in Invocations
  7461 | D:9      | Noticed Erolcha
  7463 | D:9      | Paralysed by Erolcha for 6 turns
  7474 | D:9      | Killed Erolcha
  7474 | D:9      | Reached skill level 5 in Evocations
  7586 | D:9      | Reached **** piety under Makhleb
  7630 | D:9      | Found a staircase to the Orcish Mines.
  7703 | D:9      | Found Wezaluan's Food Emporium.
  7930 | D:10     | Entered Level 10 of the Dungeon
  7936 | D:10     | Reached XP level 11. HP: 93/95 MP: 14/14
  7993 | D:10     | HP: 4/95 [orc warrior/+0 hand axe (6)]
  8558 | D:10     | Found a staircase to the Lair.
  9379 | D:10     | Identified the cursed +2 flail of Precise Incision {speed,
                  | MP+9 Str+4} (You found it on level 8 of the Dungeon)
  9827 | Lair:1   | Entered Level 1 of the Lair of Beasts
  9827 | Lair:1   | Noticed an eight-headed hydra
  9833 | Lair:1   | Killed a six-headed hydra
 10040 | Lair:1   | Found a dark tunnel.
 10054 | Volcano  | Entered a volcano
 10487 | Volcano  | Noticed a sun demon
 10529 | Volcano  | Found a bloodstained altar of Trog.
 10529 | Volcano  | Noticed a hell knight
 10532 | Volcano  | Mangled by a sun demon

Skill      XL: |  1  2  3  4  5  6  7  8  9 10 11 |
---------------+----------------------------------+-----
Long Blades    | 3 4 5 6 7 8 9 11 | 11.6
Armour         | 4 5 7 8 |  8.4
Shields        | 4 5 6 8 |  8.4
Fighting       | 4 5 6 8 |  8.4
Invocations    | 6 8 |  8.0
Evocations     | 5 8 |  8.0

Action                   |  1- 3 |  4- 6 |  7- 9 | 10-12 || total
-------------------------+-------+-------+-------+-------++-------
Melee: Long sword        |    87 |    99 |   345 |   264 ||   795
       Headbutt          |    17 |    23 |    88 |    72 ||   200
Invok: Lesser Servant of |       |       |       |    13 ||    13
       Major Destruction |       |       |       |     4 ||     4
Evoke: Wand              |       |       |     5 |       ||     5
  Use: Potion            |       |     1 |       |     4 ||     5
       Scroll            |       |    12 |     5 |    12 ||    29
 Stab: Distracted        |       |       |       |     1 ||     1
  Eat: Chunk             |       |     5 |    10 |     9 ||    24
       Ration            |       |       |     1 |     1 ||     2
Armor: Scale mail        |    11 |       |       |       ||    11
       Chain mail        |    35 |    64 |       |       ||    99
       Plate armour      |       |    11 |   109 |       ||   120
       Ring mail         |       |       |    16 |    64 ||    80
Dodge: Dodged            |    26 |    13 |    64 |    84 ||   187
Block: Shield            |    47 |    63 |   160 |   188 ||   458
       Rpst.: Long sword |     4 |     2 |    14 |    16 ||    36
